 Dungeon Crawl Stone Soup version 0.27-a0-1560-g8cdb131 (webtiles) character file.

Game seed: 13679368410534776421

1321 Meow the Skirmisher (level 8, -3/74 HPs)
             Began as a Ghoul Conjurer on July 16, 2021.
             Slain by an orc warrior (10 damage)
             ... on level 4 of the Dungeon.
             The game lasted 00:12:50 (5680 turns).

Meow the Skirmisher (Ghoul Conjurer)                Turns: 5680, Time: 00:12:50

Health: -3/74      AC:  3    Str: 11    XL:     8   Next: 59%
Magic:  5/22       EV: 11    Int: 15    God:
Gold:   230        SH:  0    Dex:  7    Spells: 5/15 levels left

rFire    . . .     SeeInvis .   a - +1 hand axe (elec)
rCold    + . .     Faith    .   (no shield)
rNeg     + + +     Spirit   .   p - +0 robe
rPois    ∞         Reflect  .   (no helmet)
rElec    .         Harm     .   m - +0 cloak
rCorr    .         Rampage  .   (no gloves)
Will     .....                  (no boots)
Stlth    ++........             (no amulet)
HPRegen  0.00/turn              b - ring of flight
MPRegen  0.18/turn              f - ring of magical power

@: flying, very slightly contaminated
A: claws 1, cold resistance 1, negative energy resistance 3, inhibited
regeneration, torment resistance 2
a: no special abilities


You were on level 4 of the Dungeon.
You visited 1 branch of the dungeon, and saw 5 of its levels.

You collected 230 gold pieces.

Inventory:

Hand Weapons
 a - a +1 hand axe of electrocution (weapon)
Missiles
 c - 129 stones
 g - 68 bolts
 i - 2 throwing nets
 r - 12 poisoned darts
 x - 25 arrows
Armour
 e - a +0 buckler
 m - a +0 cloak (worn)
 p - a +0 robe (worn)
Jewellery
 b - a ring of flight (left claw)
 f - a ring of magical power (right claw)
 v - a +4 ring of evasion
Scrolls
 d - a scroll of summoning {unknown}
 h - a scroll of magic mapping
 j - a scroll of teleportation {unknown}
 k - a scroll of torment {unknown}
 n - a scroll of amnesia
 o - 3 scrolls of noise {unknown}
 q - a scroll of enchant armour {unknown}
 t - a scroll of brand weapon {unknown}
 u - 3 scrolls of identify
Potions
 l - a potion of flight
 s - a potion of magic {unknown}
 w - a potion of lignification {unknown}
 z - a potion of curing {unknown}


   Skills:
 * Level 7.7 Fighting
 - Level 1.7 Dodging
 - Level 2.1 Stealth
 - Level 4.0 Spellcasting
 + Level 5.8 Conjurations


You had 5 spell levels left.
You knew the following spells:

 Your Spells              Type           Power      Damage    Failure   Level
a - Magic Dart            Conj           80%        1d7       1%          1
b - Searing Ray           Conj           40%        3d4       2%          2
A - Iskenderun's Mystic   Conj/Tloc      11%        2d4       47%         4
E - Dazzling Flash        Conj/Hex       22%        N/A       16%         3

Your spell library contained the following spells:

 Spells                   Type           Power      Damage    Failure   Level
 Animate Skeleton         Necr           6%         N/A       19%         1
 Apportation              Tloc           6%         N/A       19%         1
 Corona                   Hex            3%         N/A       19%         1
 Freeze                   Ice            12%        1d4       19%         1
 Summon Small Mammal      Summ           12%        N/A       19%         1
 Corpse Rot               Necr/Air       N/A        N/A       26%         2
 Frozen Ramparts          Ice            6%         1d2       47%         3
 Vampiric Draining        Necr           1%         2d6       47%         3
 Fulminant Prism          Conj/Hex       5%         3d7       47%         4
 Hailstorm                Conj/Ice       11%        3d5       47%         4
 Summon Forest            Summ/Tloc      1%         N/A       99%         5
 Eringya's Noxious Bog    Tmut/Pois      1%         N/A       100%        6
 Simulacrum               Ice/Necr       1%         N/A       100%        6
 Summon Hydra             Summ           1%         N/A       100%        7
 Borgnjor's Revivificati  Necr           Unusable   N/A       N/A         8

Dungeon Overview and Level Annotations

Branches:
Dungeon (5/15)
 Temple: D:4-7

Altars:
Makhleb
Wu Jian

Annotations:
D:3 1 runed translucent door, Crazy Yiuf


Innate Abilities, Weirdness & Mutations

You thrive by killing the living.
You are immune to poison.
You have sharp fingernails.
Your flesh is cold resistant. (rC+)
You are immune to negative energy. (rN+++)
You do not regenerate when monsters are visible.
You are immune to unholy pain and torment.


Message History

The orc warrior shouts! (Press . to maintain the ray.)
The searing ray misses the orc warrior.
The searing ray hits the orc warrior.
The orc warrior is moderately wounded.
The searing ray hits the orc warrior.
The orc warrior is moderately wounded.
You finish channeling your searing ray.
The orc warrior hits you with a +0 short sword!
Unknown command.
Casting: Searing Ray (safe; 2% risk of failure)
Confirm with . or Enter, or press ? or * to list all spells.
Okay, then.
Unknown command.
Casting: Searing Ray (safe; 2% risk of failure)
Confirm with . or Enter, or press ? or * to list all spells.
You miscast Dazzling Flash.
You are very lightly contaminated with residual magic.
Nothing appears to happen.
The orc warrior hits you with a +0 short sword!
Casting: Dazzling Flash (dangerous; 16% risk of failure)
Confirm with . or Enter, or press ? or * to list all spells.
The orc warrior hits you with a +0 short sword!
Unknown command.
Casting: Dazzling Flash (dangerous; 16% risk of failure)
Confirm with . or Enter, or press ? or * to list all spells.
The spell is quite dangerous to cast (47% risk of failure)!
Continue anyway?
You erupt in a blast of force!
The mystic blast hits the orc warrior but does no damage.
The orc warrior is moderately wounded.
The orc warrior hits you with a +0 short sword!
Unknown command.
Casting: Iskenderun's Mystic Blast (quite dangerous; 47% risk of failure)
Confirm with . or Enter, or press ? or * to list all spells.
The spell is quite dangerous to cast (47% risk of failure)!
Continue anyway?
You miscast Iskenderun's Mystic Blast.
A wave of violent energy washes through your body!
* * * LOW HITPOINT WARNING * * *
The orc warrior hits you with a +0 short sword!
You die...

### #.# #.################
#...........)))...
#.################
################@#
...............#o#
##############.#.# ......# #.#.#
#####.########.#.################
.................................
#####.########.#.#######<........
#.# #.#.# #.........
#####.########.#.#######.........


You could see an orc warrior.

Vanquished Creatures
  2 ogres
  2 necrophages (D:5)
  2 phantoms (D:5)
  A bullfrog (D:4)
  A water moccasin skeleton (D:5)
  A howler monkey (D:4)
  2 bullfrog skeletons (D:5)
  4 hounds
  4 orc priests
  2 orc wizards (D:4)
  A killer bee zombie (D:5)
  A hound skeleton (D:5)
  6 gnolls
  11 adders
  A white imp (D:5)
  An ufetubus (D:5)
  A worm (D:2)
  4 dart slugs
  20 orcs
  5 endoplasms
  4 giant cockroaches
  3 goblins
  13 hobgoblins
  8 jackals
  3 kobolds
  6 quokkas
  7 ball pythons
  7 bats
  4 frilled lizards
  5 rats
132 creatures vanquished.

Vanquished Creatures (others)
  A plant (D:1)
1 creature vanquished.

Grand Total: 133 creatures vanquished

Notes
Turn   | Place    | Note
-------+----------+-------------------------------------------
     0 | D:1      | Meow the Ghoul Conjurer began the quest for the Orb.
     0 | D:1      | Reached XP level 1. HP: 14/14 MP: 2/2
   213 | D:1      | Reached XP level 2. HP: 20/20 MP: 0/4
   625 | D:1      | Learned a level 2 spell: Searing Ray
  1256 | D:2      | Reached XP level 3. HP: 24/26 MP: 5/5
  1433 | D:2      | Reached XP level 4. HP: 33/33 MP: 7/7
  1715 | D:2      | Reached skill level 1 in Fighting
  2268 | D:3      | Reached XP level 5. HP: 41/41 MP: 8/8
  2482 | D:3      | Reached skill level 2 in Fighting
  2676 | D:3      | Learned a level 4 spell: Iskenderun's Mystic Blast
  2680 | D:3      | Learned a level 3 spell: Dazzling Flash
  2700 | D:3      | Got the Tome of Necromancy
  2983 | D:3      | Found a burning altar of Makhleb.
  2983 | D:3      | Found an ornate altar of the Wu Jian Council.
  3040 | D:3      | Found a runed translucent door.
  3041 | D:3      | Noticed Crazy Yiuf
  3100 | D:3      | Reached skill level 3 in Fighting
  3423 | D:4      | Reached XP level 6. HP: 51/51 MP: 10/10
  3993 | D:4      | Reached skill level 4 in Fighting
  3999 | D:4      | Reached XP level 7. HP: 48/59 MP: 6/11
  4486 | D:5      | Entered Level 5 of the Dungeon
  4504 | D:5      | Reached skill level 5 in Fighting
  4809 | D:5      | Reached skill level 5 in Conjurations
  4926 | D:5      | Reached skill level 6 in Fighting
  4946 | D:5      | Reached XP level 8. HP: 61/70 MP: 10/13
  5170 | D:5      | Reached skill level 7 in Fighting
  5680 | D:4      | Slain by an orc warrior

Illustrated notes

Levels and vault maps discovered:
D:1:      kilobyte_arrival_exit_the_forest, layout_rooms, nrook_loot_triangle,
          minmay_shallow_snake_nest
D:2:      layout_basic, roderic_lattice_a, kennysheep_generic_room_15
D:3:      layout_basic, gammafunk_temple_overflow_elements,
          uniq_crazy_yiuf_cottage
D:4:      layout_basic
D:5:      minmay_bubble_buster, layout_loops_cross, uniq_menkaure

Skill      XL: |  1  2  3  4  5  6  7  8 |
---------------+-------------------------+-----
Spellcasting   | 2 3 4 |  4.0
Conjurations   | 4 5 |  5.8
Fighting       | 1 3 4 6 7 |  7.7
Dodging        | |  1.7
Stealth        | |  2.1

Action                   |  1- 3 |  4- 6 |  7- 9 || total
-------------------------+-------+-------+-------++-------
Melee: Unarmed           |    18 |    21 |       ||    39
       Hand axe          |       |     2 |    22 ||    24
 Cast: Magic Dart        |    43 |    15 |       ||    58
       Searing Ray       |     7 |    43 |    34 ||    84
       Dazzling Flash    |       |       |     4 ||     4
       Iskenderun's Myst |       |       |     2 ||     2
  Use: Scroll            |     1 |     2 |       ||     3
 Stab: Sleeping          |       |     1 |       ||     1
Armor: Robe              |     1 |     6 |    11 ||    18
Dodge: Dodged            |    13 |    25 |    37 ||    75

Table legend: (Time is in decaauts)
 A = Elapsed time spent in this place.
 B = Non-inter-level travel time spent in this place.
 C = Inter-level travel time spent in this place.
 D = Time resting spent in this place.
 E = Time spent auto-exploring this place.
 F = Levels seen in this place.
 G = Mean time per level.
                   A        B        C        D        E       F      G
               +--------+--------+--------+--------+--------+-----+--------+
         Total |   5694 |   5525 |    169 |   1795 |   2930 |   5 | 1138.8 |
       Dungeon |   5694 |   5525 |    169 |   1795 |   2930 |   5 | 1138.8 |
               +--------+--------+--------+--------+--------+-----+--------+

Top non-repeatable levels by time:
     D:3: 1363 daAuts
     D:4: 1266 daAuts
     D:1: 1207 daAuts
     D:2: 970 daAuts
     D:5: 886 daAuts
